 Dungeon Crawl Stone Soup version 0.28.0-53-g5a82cb258f (webtiles) character file.

Game seed: 3354362955599777682

153 safid the Chopper (level 5, 0/46 HPs)
             Began as a Hill Orc Fighter on Aug 15, 2022.
             Was an Initiate of Beogh.
             Killed from afar by Ijyb (11 damage)
             ... with a puff of flame
             ... on level 3 of the Dungeon.
             The game lasted 00:02:56 (3392 turns).

safid the Chopper (Hill Orc Fighter)                Turns: 3392, Time: 00:02:57

Health: 0/46       AC:  8    Str: 21    XL:     5   Next: 35%
Magic:  5/5        EV:  9    Int:  8    God:    Beogh [......]
Gold:   117        SH:  4    Dex: 10    Spells: 4/4 levels left

rFire   . . .      SeeInvis .   a - +0 war axe
rCold   + . .      Faith    .   c - +0 buckler
rNeg    . . .      Spirit   .   b - +0 scale mail
rPois   .          Reflect  .   o - +0 helmet
rElec   .          Harm     .   (no cloak)
rCorr   .          Rampage  .   (no gloves)
Will    .....                   (no boots)
Stlth   ..........              (no amulet)
HPRegen 0.15/turn               f - ring of protection from cold
MPRegen 0.09/turn               r - +4 ring of slaying

@: no status effects
A: no striking features
a: Renounce Religion


You were on level 3 of the Dungeon.
You worshipped Beogh.
Beogh was noncommittal.
You visited 1 branch of the dungeon, and saw 3 of its levels.

You collected 117 gold pieces.

Inventory:

Hand Weapons
 a - a +0 war axe (weapon)
Armour
 b - a +0 scale mail (worn)
 c - a +0 buckler (worn)
 o - a +0 helmet (worn)
Jewellery
 f - a ring of protection from cold (left hand)
 r - a +4 ring of slaying (right hand)
Wands
 n - a wand of digging (4)
Scrolls
 e - a scroll of fear {unknown}
 g - 2 scrolls of teleportation {unknown}
 i - a scroll of noise {unknown}
 j - a scroll of blinking {unknown}
 l - a scroll of identify {unknown}
 m - a scroll of enchant armour {unknown}
 p - a scroll of summoning {unknown}
Potions
 d - a potion of might
 h - 2 potions of curing
 k - a potion of ambrosia {unknown}
 q - a potion of magic {unknown}
 s - a potion of mutation {unknown}


   Skills:
 - Level 4.0 Fighting
 + Level 5.7 Axes
 - Level 4.0 Armour
 - Level 4.0 Shields


You had 4 spell levels left.
You didn't know any spells.
Your spell library was empty.

Dungeon Overview and Level Annotations

Branches:
Dungeon (3/15)

Altars:

Annotations:
D:3 Ijyb


Message History

Ijyb barely misses you.
You slash Ijyb!
Ijyb is severely wounded.
Ijyb hits you but does no damage.
You hit Ijyb.
Ijyb is almost dead.
Ijyb hits you with a +0 dagger.
You are too injured to fight recklessly!
You are too injured to fight recklessly!
You are too injured to fight recklessly!
You are too injured to fight recklessly!
You are too injured to fight recklessly!
You are too injured to fight recklessly!
You are too injured to fight recklessly!
You are too injured to fight recklessly!
You are too injured to fight recklessly!
You are too injured to fight recklessly!
You are too injured to fight recklessly!
You are too injured to fight recklessly!
You are too injured to fight recklessly!
You are too injured to fight recklessly!
You are too injured to fight recklessly!
Unknown command.
You completely miss Ijyb.
Ijyb is almost dead.
Ijyb zaps a wand.
The puff of flame hits you! Ijyb hits you with a +0 dagger.
* * * LOW HITPOINT WARNING * * *
Unknown command.
You hit Ijyb but do no damage.
Ijyb is almost dead.
Ijyb hits you but does no damage.
Unknown command.
You hit Ijyb but do no damage.
Ijyb is almost dead.
Ijyb hits you but does no damage.
Unknown command.
You barely miss Ijyb.
Ijyb is almost dead.
Ijyb zaps a wand.
The puff of flame hits you!
You die...

.....................#...........
.#.....................#.##......
.#.######...########.....##......
...# #...# ###.######.))... .###
#...# #...........).## .# #...#
#.#.##..#####.## .# #...#
#.#.##..#####... .#
###.#........##..# .#
#@.....#..##.#....
......g.#.##.#.[##.#...#
.......................#
.#...#..##.#.#####.....#
.....#..##.#.# ###.### ..##
#.......# #.# . #.###.### #.. ..
.# ####


You could see Ijyb.

Vanquished Creatures
  An orc priest (D:3)
  Natasha (D:3)
  Robin (D:3)
  An adder (D:2)
  A worm (D:3)
  A dart slug (D:2)
  9 orcs (D:3)
  2 endoplasms (D:1)
  A giant cockroach (D:2)
  9 goblins
  11 hobgoblins
  2 jackals (D:2)
  3 quokkas
  2 ball pythons
  2 bats
  5 frilled lizards
  3 kobolds
  5 rats
60 creatures vanquished.

Vanquished Creatures (others)
  A centaur zombie (D:3)
  Natasha (D:3)
  A giant cockroach (D:3)
  A rat (D:3)
4 creatures vanquished.

Grand Total: 64 creatures vanquished

Notes
Turn   | Place    | Note
-------+----------+-------------------------------------------
     0 | D:1      | safid the Hill Orc Fighter began the quest for the Orb.
     0 | D:1      | Reached XP level 1. HP: 19/19 MP: 1/1
   266 | D:1      | Noticed a shining eye
   268 | D:1      | Found a faded altar of an unknown god.
   270 | D:1      | Noticed an eye of devastation
   270 | D:1      | Noticed a great orb of eyes
   270 | D:1      | Noticed a golden eye
   324 | D:1      | Reached skill level 3 in Axes
   324 | D:1      | Reached XP level 2. HP: 27/27 MP: 2/2
  1073 | D:2      | Reached XP level 3. HP: 31/33 MP: 3/3
  2193 | D:3      | Became a worshipper of Beogh the Brigand
  2336 | D:3      | Reached XP level 4. HP: 7/40 MP: 4/4
  2611 | D:3      | Noticed Robin
  2624 | D:3      | Reached skill level 4 in Axes
  2639 | D:3      | HP: 1/40 [Robin/+0 spear (4)]
  2640 | D:3      | Killed Robin
  2983 | D:3      | Noticed Natasha
  2993 | D:3      | Killed Natasha
  2994 | D:3      | Reached skill level 5 in Axes
  3116 | D:3      | Reached XP level 5. HP: 43/46 MP: 5/5
  3312 | D:3      | Killed Natasha
  3381 | D:3      | Noticed Ijyb
  3392 | D:3      | Killed from afar by Ijyb

Illustrated notes

Levels and vault maps discovered:
D:1:      psy_arrival_radial02, layout_basic,
          hellmonk_ecumenical_altar_watching_god, chequers_serial_rivers_room_b
D:2:      layout_basic, minivault_27, kennysheep_cluttered_room
D:3:      layout_loops_cross, minmay_misc_feat_alley, uniq_robin, uniq_natasha,
          uniq_ijyb

Skill      XL: |  1  2  3  4 |
---------------+-------------+-----
Axes           | 3 5 |  5.7
Fighting       | 4 |  4.0
Armour         | 4 |  4.0
Shields        | 4 |  4.0

Action                   |  1- 3 |  4- 6 || total
-------------------------+-------+-------++-------
Melee: War axe           |   120 |    56 ||   176
Invok: Convert to Beogh  |     1 |       ||     1
Armor: Scale mail        |    53 |    29 ||    82
Dodge: Dodged            |    64 |    37 ||   101
Block: Buckler           |    31 |    13 ||    44
